General information
- name: BNet
- type: Ladder team game (AT/RT)
- host: Battle.net
- saver: BEAR_AND
map: SilverpineForest
- players: 6
- length: 74:12
- speed: Fast
- version: 1.21 W3XP
- replay type:

» download(318 KB)
Players
team 1 (loser)
babycakez (
teal | 21 APM | 1525 actions | 72:23)
3 Blademaster
1 Wind Walk
2 Mirror Image
» actions
| Assign group hotkey | 29 | |
| Basic commands | 1 | |
| Build / train | 137 | |
| ESC pressed | 1 | |
| Enter build submenu | 21 | |
| Enter hero's abilities submenu | 4 | |
| Remove unit from queue | 5 | |
| Right click | 758 | |
| Select / deselect | 366 | |
| Select group hotkey | 164 | |
| Use ability | 39 | |
1525 total
» units
| Peon | 10 | |
| Troll Headhunter/Berserker | 95 | |
| Demolisher | 11 | |
116 total
» upgrades
| Ranged Weapons | 3 | |
| Armor | 3 | |
| Burning Oil | 1 | |
| Berserker Upgrade | 1 | |
| Troll Regeneration | 1 | |
| Reinforced Defenses | 1 | |
10 total
» buildings
| Orc Burrow | 9 | |
| Altar of Storms | 1 | |
| Barracks | 2 | |
| War Mill | 1 | |
| Stronghold | 1 | |
| Fortress | 1 | |
| Watch Tower | 6 | |
| Great Hall | 1 | |
22 total
» build order
00:23 Orc Burrow
00:33 Altar of Storms
01:44 Barracks
02:22 War Mill
03:03 Orc Burrow
04:14 Orc Burrow
05:29 Orc Burrow
06:12 Barracks
07:41 Orc Burrow
09:02 Stronghold
11:27 Fortress
15:04 Orc Burrow
15:10 Orc Burrow
16:20 Orc Burrow
17:18 Orc Burrow
29:53 Watch Tower
29:57 Watch Tower
30:11 Watch Tower
30:47 Watch Tower
30:54 Watch Tower
31:02 Watch Tower
42:30 Great Hall
imgoodatwarcrat (
blue | 14 APM | 1065 actions | 74:10)
2 Blood Mage
1 Flame Strike
1 Banish
» actions
| Build / train | 130 | |
| ESC pressed | 4 | |
| Enter build submenu | 25 | |
| Enter hero's abilities submenu | 3 | |
| Remove unit from queue | 3 | |
| Right click | 372 | |
| Select / deselect | 492 | |
| Use ability | 36 | |
1065 total
» units
| Peasant | 48 | |
| Footman | 23 | |
| Rifleman | 43 | |
114 total
» upgrades
| Swords | 1 | |
| Gunpowder | 3 | |
| Plating | 1 | |
| Armor | 2 | |
| Long Rifles | 1 | |
8 total
» buildings
| Farm | 16 | |
| Altar of Kings | 1 | |
| Barracks | 2 | |
| Lumber Mill | 1 | |
| Blacksmith | 1 | |
| Keep | 1 | |
| Castle | 1 | |
| Gryphon Aviary | 1 | |
24 total
» build order
00:06 Farm
00:10 Altar of Kings
00:30 Barracks
01:04 Farm
01:51 Farm
02:48 Farm
05:42 Farm
06:32 Barracks
07:56 Farm
08:36 Lumber Mill
11:30 Farm
11:44 Farm
16:19 Blacksmith
18:15 Farm
20:24 Farm
21:07 Farm
21:18 Farm
22:07 Farm
22:56 Farm
25:02 Farm
25:46 Farm
26:02 Keep
64:57 Castle
66:37 Gryphon Aviary
lemon999 (
yellow | 17 APM | 1162 actions | 67:42)
1 Demon Hunter
1 Mana Burn
1 Warden
1 Fan of Knives
» actions
| Basic commands | 4 | |
| Build / train | 94 | |
| ESC pressed | 3 | |
| Enter build submenu | 25 | |
| Enter hero's abilities submenu | 2 | |
| Remove unit from queue | 7 | |
| Right click | 392 | |
| Select / deselect | 606 | |
| Use ability | 29 | |
1162 total
» units
| Wisp | 14 | |
| Archer | 11 | |
| Huntress | 9 | |
| Mountain Giant | 4 | |
| Druid of the Talon | -1 | |
| Chimaera | 23 | |
60 total
» upgrades
| Improved Bows | 1 | |
| Strength of the Moon | 3 | |
| Moon Armor | 2 | |
| Strength of the Wild | 3 | |
| Reinforced Hides | 3 | |
| Vorpal Blades | 1 | |
| Corrosive Breath | 1 | |
| Hardened Skin | 1 | |
| Resistant Skin | 1 | |
| Upgrade Moon Glaive | 1 | |
17 total
» buildings
| Altar of Elders | 1 | |
| Ancient of War | 3 | |
| Moon Well | 9 | |
| Ancient of Wonders | 1 | |
| Tree of Ages | 1 | |
| Hunter's Hall | 1 | |
| Ancient of Lore | 1 | |
| Ancient of Wind | 1 | |
| Tree of Eternity | 1 | |
| Chimaera Roost | 1 | |
20 total
» build order
00:42 Altar of Elders
00:46 Ancient of War
01:12 Moon Well
01:46 Moon Well
02:36 Moon Well
02:41 Ancient of Wonders
03:40 Moon Well
04:12 Tree of Ages
04:51 Ancient of War
04:56 Ancient of War
06:13 Hunter's Hall
07:22 Moon Well
09:25 Ancient of Lore
10:51 Moon Well
12:36 Moon Well
15:48 Moon Well
20:06 Ancient of Wind
20:35 Tree of Eternity
22:13 Moon Well
24:48 Chimaera Roost
» items
| Lesser Clarity Potion | 1 | |
| Moonstone | 1 | |
| Orb of Venom | 1 | |
| Anti-magic Potion | 1 | |
4 total
team 2 (winner)
BEAR_AND (
pink | 65 APM | 4824 actions | 74:12)
7 Archmage
3 Blizzard
3 Brilliance Aura
1 Mass Teleport
7 Blood Mage
3 Flame Strike
3 Siphon Mana
1 Summon Phoenix
6 Pit Lord
3 Rain of Fire
2 Cleaving Attack
1 Doom
» actions
| Assign group hotkey | 17 | |
| Basic commands | 77 | |
| Build / train | 175 | |
| Enter build submenu | 86 | |
| Enter hero's abilities submenu | 21 | |
| Give item / drop item | 18 | |
| Remove unit from queue | 1 | |
| Right click | 2415 | |
| Select / deselect | 893 | |
| Select group hotkey | 690 | |
| Use ability | 425 | |
4824 total
» units
| Peasant | 15 | |
| Priest | 2 | |
| Sorceress | 2 | |
| Goblin Zeppelin | 1 | |
| Dragonhawk Rider | 15 | |
35 total
» upgrades
| Masonry | 3 | |
| Lumber Harvesting | 2 | |
| Magic Sentry | 1 | |
| Sorceress Training | 2 | |
| Priest Training | 2 | |
| Backpack | 1 | |
| Storm Hammers | 0 | |
| Cloud | 1 | |
12 total
» buildings
| Altar of Kings | 1 | |
| Farm | 12 | |
| Lumber Mill | 1 | |
| Scout Tower | 152 | |
| Guard Tower | 64 | |
| Keep | 2 | |
| Arcane Sanctum | 1 | |
| Castle | 3 | |
| Town Hall | 3 | |
| Arcane Vault | 2 | |
| Arcane Tower | 11 | |
| Gryphon Aviary | 5 | |
257 total
» build order
00:05 Altar of Kings
00:12 Farm
00:29 Lumber Mill
00:47 Farm
01:27 Scout Tower
01:31 Scout Tower
01:42 Scout Tower
01:42 Scout Tower
01:44 Scout Tower
01:50 Scout Tower
02:04 Scout Tower
02:18 Guard Tower
02:21 Scout Tower
02:38 Guard Tower
02:39 Guard Tower
02:40 Scout Tower
02:42 Guard Tower
02:43 Scout Tower
02:46 Guard Tower
02:54 Guard Tower
03:04 Scout Tower
03:11 Guard Tower
03:17 Guard Tower
03:30 Scout Tower
03:30 Guard Tower
03:31 Guard Tower
03:52 Guard Tower
03:53 Scout Tower
04:04 Scout Tower
04:05 Scout Tower
04:06 Scout Tower
04:06 Keep
04:17 Guard Tower
04:18 Scout Tower
04:19 Scout Tower
04:22 Guard Tower
04:23 Scout Tower
04:24 Scout Tower
04:34 Farm
04:36 Farm
04:57 Guard Tower
04:59 Guard Tower
05:09 Guard Tower
05:12 Guard Tower
05:14 Scout Tower
05:16 Scout Tower
05:25 Guard Tower
05:27 Scout Tower
05:38 Guard Tower
05:38 Guard Tower
06:01 Scout Tower
06:02 Scout Tower
06:03 Scout Tower
06:04 Guard Tower
06:10 Scout Tower
06:10 Scout Tower
06:12 Scout Tower
06:13 Scout Tower
06:56 Guard Tower
07:09 Guard Tower
07:14 Guard Tower
07:14 Guard Tower
07:34 Arcane Sanctum
08:19 Guard Tower
08:24 Guard Tower
08:28 Scout Tower
08:29 Scout Tower
08:30 Scout Tower
08:31 Scout Tower
08:34 Guard Tower
08:39 Scout Tower
08:40 Scout Tower
08:41 Scout Tower
08:57 Scout Tower
08:59 Scout Tower
09:00 Scout Tower
09:00 Scout Tower
09:01 Scout Tower
09:02 Scout Tower
09:03 Scout Tower
09:18 Guard Tower
09:33 Guard Tower
09:35 Guard Tower
10:00 Guard Tower
10:03 Farm
10:14 Castle
10:14 Castle
10:14 Castle
10:57 Scout Tower
10:58 Scout Tower
11:00 Scout Tower
11:22 Guard Tower
11:49 Guard Tower
11:50 Guard Tower
12:29 Town Hall
12:35 Scout Tower
12:36 Scout Tower
12:36 Scout Tower
12:37 Scout Tower
12:39 Scout Tower
12:40 Scout Tower
13:00 Guard Tower
13:10 Guard Tower
13:23 Farm
13:24 Farm
13:30 Farm
13:30 Farm
13:31 Guard Tower
13:40 Guard Tower
15:34 Scout Tower
15:34 Scout Tower
15:35 Scout Tower
15:36 Scout Tower
15:36 Scout Tower
18:47 Guard Tower
18:51 Scout Tower
18:52 Scout Tower
18:53 Scout Tower
18:54 Scout Tower
18:55 Scout Tower
18:56 Scout Tower
19:48 Arcane Vault
19:49 Arcane Vault
20:40 Guard Tower
21:45 Town Hall
21:47 Scout Tower
21:48 Scout Tower
21:48 Scout Tower
21:52 Scout Tower
21:53 Scout Tower
21:53 Scout Tower
21:54 Scout Tower
21:55 Scout Tower
21:55 Scout Tower
21:57 Scout Tower
21:57 Scout Tower
21:58 Scout Tower
22:17 Guard Tower
22:29 Guard Tower
22:29 Guard Tower
23:06 Guard Tower
23:08 Scout Tower
23:09 Scout Tower
23:10 Scout Tower
23:11 Scout Tower
23:12 Guard Tower
23:15 Scout Tower
23:15 Scout Tower
23:35 Guard Tower
23:46 Guard Tower
24:39 Guard Tower
24:42 Scout Tower
24:43 Scout Tower
24:44 Scout Tower
24:45 Scout Tower
24:45 Scout Tower
24:46 Scout Tower
24:48 Scout Tower
24:49 Scout Tower
24:50 Scout Tower
24:50 Scout Tower
24:54 Guard Tower
24:54 Guard Tower
25:44 Guard Tower
26:46 Guard Tower
30:26 Scout Tower
30:26 Scout Tower
30:27 Scout Tower
30:29 Scout Tower
30:30 Scout Tower
30:30 Scout Tower
30:51 Scout Tower
30:51 Scout Tower
30:52 Scout Tower
30:54 Scout Tower
30:54 Scout Tower
30:55 Scout Tower
30:56 Scout Tower
30:56 Scout Tower
30:57 Scout Tower
30:58 Scout Tower
30:58 Scout Tower
31:02 Scout Tower
31:03 Scout Tower
31:03 Scout Tower
31:04 Scout Tower
31:04 Scout Tower
31:05 Scout Tower
31:06 Scout Tower
31:06 Scout Tower
31:07 Scout Tower
31:08 Scout Tower
31:08 Scout Tower
31:20 Arcane Tower
32:23 Guard Tower
32:28 Arcane Tower
32:28 Arcane Tower
32:40 Scout Tower
32:40 Scout Tower
32:41 Scout Tower
32:42 Scout Tower
32:44 Scout Tower
33:26 Arcane Tower
33:29 Guard Tower
33:29 Guard Tower
33:32 Arcane Tower
34:15 Town Hall
34:36 Scout Tower
34:37 Scout Tower
34:38 Scout Tower
34:39 Scout Tower
34:40 Scout Tower
34:41 Scout Tower
34:42 Scout Tower
34:44 Scout Tower
34:45 Scout Tower
34:47 Scout Tower
34:47 Scout Tower
34:48 Scout Tower
34:49 Scout Tower
34:50 Arcane Tower
34:51 Arcane Tower
34:51 Arcane Tower
35:05 Guard Tower
35:30 Guard Tower
35:38 Arcane Tower
35:39 Arcane Tower
36:00 Scout Tower
36:01 Scout Tower
36:02 Scout Tower
36:08 Arcane Tower
36:58 Guard Tower
36:59 Scout Tower
37:00 Scout Tower
37:01 Scout Tower
37:02 Scout Tower
37:03 Scout Tower
37:03 Scout Tower
37:05 Scout Tower
37:05 Scout Tower
37:06 Scout Tower
38:19 Guard Tower
44:54 Scout Tower
45:26 Guard Tower
46:39 Scout Tower
47:13 Guard Tower
61:25 Gryphon Aviary
61:27 Gryphon Aviary
61:28 Gryphon Aviary
61:29 Gryphon Aviary
61:34 Gryphon Aviary
62:10 Farm
62:11 Farm
62:14 Farm
» items
| Staff of Teleportation | 3 | |
| Boots of Speed | 3 | |
| Khadgar's Gem of Health | 1 | |
| Amulet of Spell Shield | 3 | |
| Staff of Sanctuary | 3 | |
| Orb of Lightning | 4 | |
| Medallion of Courage | 1 | |
| Staff of Silence | 1 | |
19 total
bLinn (
purple | 51 APM | 3800 actions | 74:11)
9 Blademaster
3 Wind Walk
3 Critical Strike
1 Bladestorm
2 Mirror Image
» actions
| Assign group hotkey | 225 | |
| Basic commands | 11 | |
| Build / train | 98 | |
| ESC pressed | 2 | |
| Enter build submenu | 96 | |
| Enter hero's abilities submenu | 10 | |
| Give item / drop item | 22 | |
| Remove unit from queue | 12 | |
| Right click | 2237 | |
| Select / deselect | 574 | |
| Select group hotkey | 152 | |
| Use ability | 359 | |
3800 total
» units
| Peon | 13 | |
| Troll Batrider | 5 | |
| Troll Witch Doctor | 1 | |
19 total
» upgrades
| Spiked Barricades | 3 | |
| Liquid Fire | 1 | |
| Reinforced Defenses | 1 | |
| Ranged Weapons | 3 | |
| Armor | 3 | |
| Witch Doctor Training | 2 | |
| Melee Weapons | 3 | |
| Envenomed Spears | 1 | |
| Ensnare | 1 | |
| War Drums Damage Increase | 1 | |
| Pillage | 1 | |
| Backpack | 1 | |
| Shaman Training | 2 | |
| Spirit Walker Training | 2 | |
| Pulverize | 1 | |
26 total
» buildings
| Altar of Storms | 1 | |
| Orc Burrow | 13 | |
| War Mill | 1 | |
| Watch Tower | 148 | |
| Voodoo Lounge | 3 | |
| Stronghold | 3 | |
| Great Hall | 1 | |
| Fortress | 2 | |
| Beastiary | 2 | |
| Spirit Lodge | 1 | |
| Tauren Totem | 1 | |
176 total
» build order
00:03 Altar of Storms
00:13 Orc Burrow
00:37 War Mill
01:43 Orc Burrow
02:06 Watch Tower
02:26 Watch Tower
02:46 Watch Tower
03:15 Watch Tower
03:37 Watch Tower
03:42 Watch Tower
03:50 Watch Tower
04:23 Voodoo Lounge
04:24 Watch Tower
04:27 Stronghold
04:27 Stronghold
04:27 Stronghold
04:46 Watch Tower
05:04 Watch Tower
05:31 Watch Tower
05:33 Watch Tower
06:00 Watch Tower
06:02 Watch Tower
06:35 Watch Tower
07:16 Great Hall
07:42 Watch Tower
07:44 Watch Tower
07:45 Watch Tower
07:48 Watch Tower
07:48 Watch Tower
08:18 Fortress
09:16 Beastiary
09:17 Beastiary
09:58 Watch Tower
10:39 Orc Burrow
14:47 Watch Tower
14:49 Watch Tower
14:49 Watch Tower
14:51 Watch Tower
14:52 Watch Tower
14:53 Watch Tower
16:19 Watch Tower
17:33 Watch Tower
17:34 Watch Tower
17:36 Watch Tower
17:36 Watch Tower
17:37 Watch Tower
17:38 Watch Tower
17:39 Watch Tower
17:42 Watch Tower
17:43 Watch Tower
17:45 Watch Tower
22:38 Watch Tower
22:39 Watch Tower
22:41 Watch Tower
22:43 Watch Tower
22:47 Watch Tower
22:49 Watch Tower
22:55 Watch Tower
22:57 Watch Tower
22:59 Watch Tower
23:01 Watch Tower
23:02 Watch Tower
23:04 Watch Tower
23:05 Watch Tower
23:07 Watch Tower
23:08 Watch Tower
23:09 Watch Tower
23:10 Watch Tower
23:11 Watch Tower
23:14 Watch Tower
23:15 Watch Tower
23:16 Watch Tower
23:18 Watch Tower
23:19 Watch Tower
23:22 Watch Tower
23:23 Watch Tower
23:23 Watch Tower
23:24 Watch Tower
27:17 Watch Tower
27:20 Voodoo Lounge
29:46 Watch Tower
29:47 Watch Tower
30:27 Watch Tower
30:29 Watch Tower
30:31 Watch Tower
30:33 Watch Tower
30:33 Watch Tower
30:35 Watch Tower
30:37 Watch Tower
30:39 Watch Tower
30:40 Watch Tower
30:42 Watch Tower
31:05 Watch Tower
31:07 Watch Tower
31:08 Watch Tower
31:09 Watch Tower
31:09 Watch Tower
31:10 Watch Tower
31:11 Watch Tower
31:11 Watch Tower
31:12 Watch Tower
31:14 Watch Tower
31:15 Watch Tower
31:16 Watch Tower
31:17 Watch Tower
31:18 Watch Tower
31:19 Watch Tower
31:19 Watch Tower
31:23 Watch Tower
31:23 Watch Tower
31:25 Watch Tower
31:26 Watch Tower
31:27 Watch Tower
33:49 Voodoo Lounge
33:51 Watch Tower
34:03 Spirit Lodge
35:24 Watch Tower
35:25 Watch Tower
36:31 Orc Burrow
36:33 Orc Burrow
36:34 Orc Burrow
36:35 Orc Burrow
36:38 Orc Burrow
36:44 Orc Burrow
36:45 Orc Burrow
38:39 Orc Burrow
38:44 Orc Burrow
40:28 Orc Burrow
43:03 Tauren Totem
44:31 Watch Tower
71:15 Watch Tower
71:17 Watch Tower
71:17 Watch Tower
71:19 Watch Tower
71:20 Watch Tower
71:22 Watch Tower
71:26 Watch Tower
71:27 Watch Tower
71:29 Watch Tower
71:32 Watch Tower
71:34 Watch Tower
71:36 Watch Tower
71:38 Watch Tower
71:38 Watch Tower
71:49 Watch Tower
71:51 Watch Tower
71:58 Watch Tower
72:00 Watch Tower
72:04 Watch Tower
72:07 Watch Tower
72:10 Watch Tower
72:11 Watch Tower
72:17 Watch Tower
72:18 Watch Tower
72:19 Watch Tower
72:21 Watch Tower
72:22 Watch Tower
72:23 Watch Tower
72:24 Watch Tower
72:56 Watch Tower
72:57 Watch Tower
72:58 Watch Tower
72:59 Watch Tower
73:04 Watch Tower
73:05 Watch Tower
73:06 Watch Tower
73:11 Watch Tower
73:13 Watch Tower
73:14 Watch Tower
73:15 Watch Tower
73:16 Watch Tower
73:57 Watch Tower
73:58 Watch Tower
74:00 Watch Tower
74:01 Watch Tower
» items
| Healing Salve | 4 | |
| Lesser Clarity Potion | 4 | |
| Scroll of Speed | 1 | |
| Orb of Lightning | 1 | |
| Claws of Attack +6 | 1 | |
| Gloves of Haste | 1 | |
12 total
dirtmcwORDUP (
orange | 54 APM | 3936 actions | 72:40)
5 Warden
3 Shadow Strike
2 Blink
4 Goblin Tinker
2 Cluster Rockets
2 Engineering Upgrade
5 Pandaren Brewmaster
3 Breath of Fire
2 Drunken Haze
» actions
| Assign group hotkey | 3 | |
| Basic commands | 93 | |
| Build / train | 83 | |
| Enter build submenu | 16 | |
| Enter hero's abilities submenu | 14 | |
| Give item / drop item | 26 | |
| Right click | 1331 | |
| Select / deselect | 352 | |
| Select group hotkey | 1720 | |
| Use ability | 298 | |
3936 total
» units
» upgrades
| Nature's Blessing | 1 | |
| Well Spring | 1 | |
| Ultravision | 1 | |
3 total
» buildings
| Altar of Elders | 1 | |
| Moon Well | 11 | |
| Tree of Life | 2 | |
| Tree of Ages | 1 | |
| Tree of Eternity | 1 | |
| Ancient of Wonders | 1 | |
| Hunter's Hall | 1 | |
18 total
» build order
00:33 Altar of Elders
00:35 Moon Well
01:42 Moon Well
03:57 Moon Well
03:58 Moon Well
04:22 Tree of Life
05:52 Moon Well
06:11 Tree of Ages
07:38 Moon Well
08:35 Tree of Eternity
08:45 Ancient of Wonders
10:20 Moon Well
10:22 Moon Well
10:29 Moon Well
10:30 Moon Well
10:45 Moon Well
17:32 Hunter's Hall
22:59 Tree of Life
» items
| Staff of Teleportation | 3 | |
| Boots of Speed | 3 | |
| Orb of Venom | 1 | |
| Hood of Cunning | 2 | |
| Legion Doom-Horn | 1 | |
| Medallion of Courage | 4 | |
| Helm of Valor | 5 | |
| Orb of Lightning | 2 | |
| Khadgar's Gem of Health | 2 | |
| Pendant of Energy | 1 | |
| Pendant of Mana | 2 | |
26 total
Chat log
(00:09 / All) dirtmcwORDUP: u good @ sucken my dick, boy?
(00:23 / All) imgoodatwarcrat: are you fucking retarded?
(00:31 / All) BEAR_AND: u r
(00:31 / All) dirtmcwORDUP: eat shit and die mofo
(00:36 / All) imgoodatwarcrat: ok
(00:42 / All) dirtmcwORDUP: |suck my doggy dick
(00:47 / All) babycakez: hey im not a B OY!!!!!!
(00:49 / All) bLinn: what is warcrat
(00:51 / All) babycakez: eww your a dog
(01:03 / All) babycakez: so i guess u have a little penis
(01:08 / All) imgoodatwarcrat: ooooooooooooooooo
(01:15 / All) dirtmcwORDUP: ud know wouldnt u
(01:18 / All) dirtmcwORDUP: u fucken homosexual
(01:31 / All) imgoodatwarcrat: your black
(01:33 / All) babycakez: IM A GIRL ASSHOLE
(01:54 / All) dirtmcwORDUP: ur gonna eat shit
(01:57 / All) dirtmcwORDUP: and ur gonna like it
(01:57 / All) imgoodatwarcrat: ok
(01:59 / All) dirtmcwORDUP: and ur gonna die
(02:04 / All) imgoodatwarcrat: im gonna eat your moms shit
(02:09 / All) dirtmcwORDUP: ur nasty
(02:12 / All) babycakez: i dont think so
(02:24 / All) dirtmcwORDUP: wanna eat my shit and tongue my asswhole and my ball
(02:30 / All) imgoodatwarcrat: yes
(02:31 / All) dirtmcwORDUP: balls
(02:37 / All) dirtmcwORDUP: yeah i thought so u gay azz
(02:41 / All) babycakez: u hgave some serious issues
(02:46 / All) dirtmcwORDUP: why are u so f*cking gay llol
(02:47 / All) babycakez: do u have any friends
(02:53 / All) imgoodatwarcrat: you need to grow a cock
(02:57 / All) imgoodatwarcrat: and then eat it
(02:58 / All) dirtmcwORDUP: i have more friends than u have hairs on ur ballz
(02:59 / All) bLinn: lol not as good at warcrat as you say
(03:08 / All) dirtmcwORDUP: i have 1 friend LOL
(03:09 / All) babycakez: I DONTY HAVE BALLS ASSHOLE
(03:19 / All) babycakez: IM A FUCKING GIRL!!!!!!!!!!!
(03:23 / All) BEAR_AND: yea right
(03:26 / All) dirtmcwORDUP: LOL
(03:28 / All) BEAR_AND: if u are u are fat fat FAT
(03:29 / All) dirtmcwORDUP: tits plz
(03:31 / All) babycakez: do u see the name
(03:38 / All) imgoodatwarcrat: you gu
(03:40 / All) dirtmcwORDUP: tits or gtfo
(03:46 / All) BEAR_AND: so i coul dname myself bnet.fatslut122 if i wanted
(03:47 / All) imgoodatwarcrat: you guys are all black
(03:51 / All) babycakez: ok go onto myspace and type in babycakez41404@aol.com
(04:04 / All) bLinn: go onto myspace and type stfu
(04:10 / All) dirtmcwORDUP: Lol!
(04:11 / All) bLinn: and then do it lol
(04:26 / All) babycakez: wow u really haved no life
(04:36 / All) dirtmcwORDUP: wanna suck my dick baby?
(04:43 / All) bLinn: you are probably like 1200 pounds you weigh as much as a bradley tank
(04:48 / All) imgoodatwarcrat: wanna grow one?
(05:00 / All) bLinn: that's right bitch i'm in the US marine corps
(05:06 / All) imgoodatwarcrat: no your not
(05:07 / All) babycakez: yea right
(05:09 / All) dirtmcwORDUP: SEMPER FI!!!!!!
(05:15 / All) bLinn: i am fuckin playin from iraq right now prove i'm not
(05:17 / All) dirtmcwORDUP: usmc for life u pussy bitches
(05:18 / All) imgoodatwarcrat: marines fucking suck
(05:23 / All) dirtmcwORDUP: fuck u u fat canadian
(05:25 / All) dirtmcwORDUP: ill kill u
(05:35 / All) babycakez: yeah ok
(05:35 / All) imgoodatwarcrat: yes im a fat candian
(05:38 / All) imgoodatwarcrat: and im black
(05:46 / All) bLinn: what is a candian
(05:50 / All) dirtmcwORDUP: u dont deserve freedom
(05:51 / All) bLinn: someone from candia that is not a real place
(06:24 / All) imgoodatwarcrat: your an iraqi
(06:35 / All) dirtmcwORDUP: stfu
(06:41 / All) imgoodatwarcrat: your a homosexual
(06:41 / All) dirtmcwORDUP: i kill iraq babies every day u fucker
(06:50 / All) babycakez: yea ok
(06:51 / All) imgoodatwarcrat: no you make iraqi babies everyday
(06:55 / All) dirtmcwORDUP: u know how many bitches i rape dtoday?
(06:58 / All) dirtmcwORDUP: !3
(07:00 / All) dirtmcwORDUP: 13
(07:01 / All) babycakez: every marine wants to say that they kill iraqi babies
(07:02 / All) imgoodatwarcrat: you damn rapist
(07:23 / All) babycakez: if u were in the marines you would know what the war was about
(07:27 / All) imgoodatwarcrat: your a pathetic excuse for life and i hope your momther gets cancer and dies
(07:31 / All) babycakez: and rape isnt fucking funny asshole
(07:44 / All) dirtmcwORDUP: yeah stfu fattie
(07:53 / All) dirtmcwORDUP: i bet u tell people
(07:56 / All) babycakez: IAM NOT FAT!!!!!!!!!!!!!!!!!!!!!!!!!!!!!!!!!!!!!!!!!!!1
(07:56 / All) dirtmcwORDUP: u got raped
(07:58 / All) dirtmcwORDUP: for attention
(08:00 / All) imgoodatwarcrat: yes i do
(08:03 / All) bLinn: we have 2600 nukes how many do u have
(08:07 / All) imgoodatwarcrat: i wqas adopted
(08:08 / All) babycakez: oo yea
(08:11 / All) imgoodatwarcrat: my parents do not love me
(08:42 / All) imgoodatwarcrat: allah sucks
(08:48 / All) dirtmcwORDUP: word
(08:56 / All) imgoodatwarcrat: your an iraqi
(08:59 / All) dirtmcwORDUP: no stfu
(09:01 / All) bLinn: no im an american you idiot
(09:03 / All) bLinn: cant you read
(09:04 / All) dirtmcwORDUP: i kjill iraq
(09:15 / All) imgoodatwarcrat: cause i was definitly talking to you
(09:30 / All) dirtmcwORDUP: u suck my asswhole
(09:33 / All) bLinn: lol were is ur lumber
(09:49 / All) babycakez: u fuckin noobs
(10:03 / All) dirtmcwORDUP: hahahahlaol
(10:15 / All) bLinn: blue u r the biggest noop i have ever seen
(10:26 / All) bLinn: even bigger than that iraqi woman i drove over in my tank today
(10:27 / All) dirtmcwORDUP: teal send me ur pic
(10:35 / All) babycakez: go on myspace
(10:41 / All) imgoodatwarcrat: im having too much fun calling you a fucking iraqi you piece of shit
(10:42 / All) dirtmcwORDUP: whats ur myspace
(10:50 / All) imgoodatwarcrat: i have a tank
(10:53 / All) imgoodatwarcrat: and a rocket
(10:55 / All) babycakez: babycakez41404@aol.com is the e-mail
(10:57 / All) bLinn: are you called babycakez because you look like a baby because you're fat and pudgy and all you eat is cake???
(11:00 / All) imgoodatwarcrat: im god
(11:11 / All) babycakez: no not really
(11:24 / All) bLinn: can you see your own feet while standing up lol
(11:31 / All) babycakez: yes
(11:43 / All) babycakez: did u find it
(11:45 / All) bLinn: were you once a man
(11:50 / All) bLinn: this picture makes me think so
(11:52 / All) babycakez: NO!!!!!!!!!!!!!!!
(11:55 / All) imgoodatwarcrat: im fucking jesus
(12:06 / All) bLinn: would jesus lose all his peasants to a blade master?
(12:09 / All) bLinn: apparently yes lol
(12:12 / All) imgoodatwarcrat: all of you are going to hell and satan will rape you with his 6 huge cockles
(12:22 / All) dirtmcwORDUP: babycakez ima add u to my buddy list on aim
(12:36 / All) dirtmcwORDUP: where u live
(12:57 / All) bLinn: were ur peasants LOL
(13:03 / All) dirtmcwORDUP: maybe we could meet up for sex
(13:04 / All) imgoodatwarcrat: up my ass
(13:05 / All) babycakez: ur mom
(13:07 / All) babycakez: umm no
(13:13 / All) dirtmcwORDUP: >?
(13:18 / All) dirtmcwORDUP: even fat girls need loving
(13:34 / All) bLinn: i can strip a pistol in like 5 seconds flat imagine what i could do 2 u girl
(13:42 / All) imgoodatwarcrat: no you cant
(13:46 / All) imgoodatwarcrat: yea im a marine too
(13:50 / All) dirtmcwORDUP: hahahahahahah
(13:55 / All) bLinn: what division, bro?
(13:57 / All) dirtmcwORDUP: maybe a marine biologist u nerd.
(13:59 / All) bLinn: canadian wimps division? LOL
(14:18 / All) imgoodatwarcrat: i can fucking destroy you with a m16
(14:22 / All) imgoodatwarcrat: and my rocket launcher
(14:33 / All) bLinn: i got shoulder-mounted machine guns you dick i'm a fucking mech
(14:37 / All) dirtmcwORDUP: i can destroy u with my cock by wrapping it around ur neck and strangling the life out of u
(14:39 / All) bLinn: you know Gundam? that show is about me
(14:57 / All) imgoodatwarcrat: you know your mom
(15:08 / All) imgoodatwarcrat: i fucking destroyed her with my cock
(15:46 / All) bLinn: in the us marines they give you an implant
(15:56 / All) bLinn: that gives u superhuman speed & strength
(15:58 / All) imgoodatwarcrat: no they dont
(16:02 / All) bLinn: i could punch you over a wall u fucken nerd
(16:07 / All) imgoodatwarcrat: sure
(16:18 / All) dirtmcwORDUP: i could punch u through a waklll
(16:22 / All) dirtmcwORDUP: teal where do u live
(16:29 / All) babycakez: ur moms house
(16:33 / All) imgoodatwarcrat: i could kick your cock through your mouth
(16:38 / All) imgoodatwarcrat: then squash it
(18:01 / All) imgoodatwarcrat: well at least we know our marines are spending there time playing warcraft
(18:09 / All) bLinn: i thought u said u wer in the marines
(18:10 / All) bLinn: u fuckin liar
(18:14 / All) dirtmcwORDUP: u expect us to work 24 hours a day u idiot
(18:33 / All) bLinn: weres ur siege gone LOL
(18:34 / All) imgoodatwarcrat: i expect you to not wack off to warcraft chracters
(18:45 / All) dirtmcwORDUP: im good at warcrat
(18:51 / All) imgoodatwarcrat: so theres not a lot of woman in the army
(19:01 / All) imgoodatwarcrat: you all turned homosexual im guessing
(19:09 / All) bLinn: you were born homosexual
(19:12 / All) imgoodatwarcrat: probably
(19:17 / All) dirtmcwORDUP: theres actually 45% woman in the marines noob
(19:41 / All) imgoodatwarcrat: IM OUT OF WOODDDDDD
(19:44 / All) imgoodatwarcrat: AHHHHHH
(19:51 / All) bLinn: maybe it's because i killed all your peasants
(19:53 / All) bLinn: just maybe
(22:08 / All) dirtmcwORDUP: teal where u live
(22:15 / All) imgoodatwarcrat: in your moms asshole
(22:15 / All) babycakez: ur mom's
(22:20 / All) imgoodatwarcrat: and believe me its nice
(22:31 / All) bLinn: so how did you guys get to be so bad at warcrat
(22:38 / All) BEAR_AND: HEY
(22:41 / Allies) BEAR_AND: I WAS AFK SORRY
(22:44 / All) imgoodatwarcrat: its started when i was a child
(22:45 / All) BEAR_AND: I WAS AFK SORRY
(23:27 / All) imgoodatwarcrat: you damn fat mexicans
(23:39 / Allies) bLinn: thx u
(23:59 / All) bLinn: stfu u racist bigot
(24:00 / All) dirtmcwORDUP: teal baby let me shgow u what a real man is like
(24:12 / All) bLinn: she knows
(24:14 / All) bLinn: she used to be one
(24:14 / All) babycakez: GO THE FUCK AWAY AND LEAVE ME ALONE
(24:15 / All) bLinn: FUCKIN LOL
(24:19 / All) dirtmcwORDUP: teal baby
(24:27 / All) dirtmcwORDUP: i didnt mean to bother you im sorry
(24:30 / All) dirtmcwORDUP: just give me a chacne
(24:43 / All) babycakez: NO I HAVE A BOYFRIEND!!!!!!!!!
(24:56 / All) dirtmcwORDUP: ditch him llol
(25:04 / All) BEAR_AND: i seen orange's dick
(25:06 / All) dirtmcwORDUP: i bet hes got a small dick im 8.5 inches
(25:13 / All) BEAR_AND: it like a hairsprayt can
(25:16 / All) babycakez: ]umm no he's a real man and he is better than u
(25:34 / All) imgoodatwarcrat: as it ever found its way into your ass?
(28:36 / Allies) bLinn: 25(16) = 400 u know
(28:54 / All) bLinn: so when did u guys get this game
(28:57 / All) bLinn: yesterday?
(30:39 / All) imgoodatwarcrat: run you whore
(30:42 / All) BEAR_AND: heheh
(30:56 / All) imgoodatwarcrat: you cocklicking assmunching piece of useless dog shit
(33:22 / All) dirtmcwORDUP: teal baby you still here
(33:30 / All) babycakez: NO GO THE FUCK AWAY
(33:36 / All) dirtmcwORDUP: does your boyfriend cook?
(33:41 / All) dirtmcwORDUP: im an accomplished chef you know...
(33:58 / All) babycakez: GO AWAY!!!!!!!!!!
(34:01 / All) imgoodatwarcrat: your a marine and a chef
(34:02 / All) imgoodatwarcrat: wow
(34:06 / All) imgoodatwarcrat: im bill gates
(34:08 / All) bLinn: he's a chef in the marines
(34:10 / All) bLinn: you fuckin nerd
(34:12 / All) imgoodatwarcrat: oh
(34:14 / All) dirtmcwORDUP: how does chicken piccata sound...paired with a succulent white wine......
(34:17 / All) imgoodatwarcrat: so you dont do shit
(34:25 / All) imgoodatwarcrat: lol your useless to the marine core
(34:26 / All) babycakez: GO AWAY NOW!!!!!!!!!!!!!!!!!!!!!!!!!!!!!!!!!!!!!!!!
(34:27 / All) bLinn: what do you do you self righteous candian prick
(34:28 / All) dirtmcwORDUP: a side of sauteed vegetables and fresh crunchy ciabatta bread.......
(34:41 / All) imgoodatwarcrat: you can name food excellent
(34:43 / All) dirtmcwORDUP: does it intrigue you baby
(34:48 / All) bLinn: besides lose all your peasants to my blademaster
(34:49 / All) babycakez: NOT AT ALL
(36:22 / All) dirtmcwORDUP: teal baby
(36:29 / All) babycakez: GO THE FUCK AWAY!!!!!!!!!!!!!!!
(36:36 / All) dirtmcwORDUP: dont do this to me
(36:38 / All) dirtmcwORDUP: give me a chance
(36:41 / All) dirtmcwORDUP: lets start over
(36:45 / All) imgoodatwarcrat: im gonna fucking rape your kids
(36:48 / All) babycakez: NO GO AWAY!!!!!!!!!!!!!!!!!!!!!!!!!
(36:52 / All) imgoodatwarcrat: and then kill then
(36:53 / All) dirtmcwORDUP: please baby
(37:05 / All) imgoodatwarcrat: your black
(37:08 / All) dirtmcwORDUP: your boyfriend doesn't have to know
(37:14 / All) dirtmcwORDUP: im really a marine i can kill him
(37:34 / All) imgoodatwarcrat: your a pussy
(41:14 / All) dirtmcwORDUP: gg
(41:32 / All) bLinn: gg.. i guess in the end u really are good at warcrat
(41:52 / All) imgoodatwarcrat: im pretty sure we lost
(42:03 / All) bLinn: why? lol u just owned us
(42:13 / All) BEAR_AND: i got no gold
(42:14 / All) imgoodatwarcrat: woo baby
(42:17 / All) dirtmcwORDUP: ill leave if teal promises to talk to me after
(42:22 / All) bLinn: whatever i'm too busy killing people and saving america
(42:29 / All) bLinn: to be good at warcrat
(42:44 / All) imgoodatwarcrat: she'll talk to you
(43:11 / All) dirtmcwORDUP: teal whgats ur name
(43:15 / All) babycakez: ur mom
(43:21 / All) BEAR_AND: I HAVE A HUGE PENIS!!!!!!!!!!!!!!!!!
(43:23 / All) imgoodatwarcrat: shes not lieing
(45:43 / All) imgoodatwarcrat: like my base?
(45:51 / All) bLinn: v. impressive
(45:55 / All) imgoodatwarcrat: i think so
(46:00 / All) bLinn: the farms especially
(46:05 / All) imgoodatwarcrat: yea
(46:09 / All) bLinn: but if you get 12 from your main and 6 from each farm
(46:12 / All) bLinn: haven't you wasted your gold a bit
(46:16 / All) imgoodatwarcrat: yup
(46:29 / All) imgoodatwarcrat: i realize this
(46:31 / All) bLinn: 15(6) = 90 + 12 = 102 eh I suppose you're OK!
(46:57 / All) imgoodatwarcrat: ms.sullivan you bitch
(47:02 / All) bLinn: ???
(47:06 / All) imgoodatwarcrat: im sorry nvm
(47:09 / All) imgoodatwarcrat: flashback
(47:11 / All) imgoodatwarcrat: math
(47:23 / All) bLinn: you had trouble with brackets?
(47:32 / All) imgoodatwarcrat: trouble with my teacher being a whore
(47:38 / Allies) BEAR_AND: parentheses
(47:40 / Allies) dirtmcwORDUP: PEMDAS
(47:41 / Allies) BEAR_AND: ()
(47:44 / Allies) BEAR_AND: []
(47:49 / All) imgoodatwarcrat: no i'd have to be retarded to have trouble with brachets
(47:58 / All) bLinn: u certainly wood...
(47:59 / Allies) dirtmcwORDUP: {} those are brackets
(48:04 / Allies) dirtmcwORDUP: [] those are square brackets
(48:11 / Allies) dirtmcwORDUP: () those are parentheses
(48:16 / All) bLinn: ( = bracket, [ = square bracket, { = squiggly bracket
(48:59 / All) dirtmcwORDUP: teal baby
(49:33 / All) babycakez: bye
(49:40 / All) dirtmcwORDUP: no
(49:41 / All) dirtmcwORDUP: im leaving
(49:44 / All) dirtmcwORDUP: please
(49:45 / All) dirtmcwORDUP: talk to me
(49:46 / All) bLinn: play on it's a close game
(50:22 / All) dirtmcwORDUP: teal i thinki love you
(50:30 / All) babycakez: um eww and um no
(50:37 / All) BEAR_AND: hje dont' lie about that shit
(50:41 / All) BEAR_AND: he falls in love deeply
(50:43 / All) BEAR_AND: and truely
(50:50 / All) imgoodatwarcrat: please shutup
(50:50 / All) bLinn: when he gets that feeling
(50:51 / All) dirtmcwORDUP: i only tell 2 people i loved them in my whole life
(50:51 / All) bLinn: he needs
(50:53 / All) dirtmcwORDUP: my mom
(50:53 / All) bLinn: sexual healing
(50:58 / All) dirtmcwORDUP: and my ex wife
(51:04 / All) dirtmcwORDUP: ur the third
(51:15 / All) imgoodatwarcrat: i've only told two people i loved too
(51:17 / All) imgoodatwarcrat: my mom
(51:36 / All) dirtmcwORDUP: please baby
(51:45 / All) bLinn: teal you're so fine you're so fine you blow my mind hey teal
(51:46 / All) BEAR_AND: i have 0 gold
(51:48 / All) imgoodatwarcrat: and the bisexual transsvestite hooker i met in vegas
(51:51 / All) babycakez: GO THE FUCK AWAY U STUPID STALKER
(52:05 / All) bLinn: my CURVY girlfriend, teal ;)
(52:14 / All) babycakez: EWW GO THE FUCK AWAY!!!!!!!!!!!!!!!!!!
(52:22 / All) babycakez: YOUR FUCKING GROSS ALL OF YOIU
(52:32 / All) BEAR_AND: can i at least see u w/o abra please
(52:33 / All) dirtmcwORDUP: teal
(52:35 / All) BEAR_AND: what size ur bra
(52:40 / All) babycakez: NO
(52:49 / All) dirtmcwORDUP: teal im falling in love with you
(52:54 / All) dirtmcwORDUP: my heart hurts that you wont respond
(52:58 / All) babycakez: GO AWAY
(53:03 / All) dirtmcwORDUP: i can imagine us growing old together
(53:07 / All) babycakez: EWWW
(53:08 / All) bLinn: I can be your hero baby
(53:09 / All) dirtmcwORDUP: maybe even having some kids
(53:11 / All) bLinn: I can kiss away the pain
(53:14 / All) babycakez: UR
(53:15 / All) bLinn: I will stand by you forever
(53:17 / All) babycakez: GROSS
(53:21 / All) babycakez: GO AWAY
(53:24 / All) imgoodatwarcrat: i fucking rape your kids
(53:28 / All) babycakez: UR DISGUSTING
(53:36 / All) dirtmcwORDUP: teal just send me ur pic and i wont talk to you 4ever
(53:38 / All) dirtmcwORDUP: please
(53:43 / All) babycakez: GO AWAY
(53:46 / All) dirtmcwORDUP: thats all
(53:47 / All) babycakez: UR FUCKING GROSS
(53:49 / All) dirtmcwORDUP: i wont say one word
(53:55 / All) dirtmcwORDUP: just not even ur body just ur face
(53:57 / All) babycakez: UR A GROSS OLD MAN GO AWAY
(54:03 / All) dirtmcwORDUP: im 22....
(54:12 / All) babycakez: UR STILL GROSS GO AWAY
(54:12 / All) dirtmcwORDUP: how old are you baby
(54:21 / All) babycakez: NONE OF YOUR DAMN BUISNESS
(54:30 / All) imgoodatwarcrat: im really a woman with massive boobs
(54:35 / All) dirtmcwORDUP: please teal
(54:39 / All) imgoodatwarcrat: do me
(54:39 / All) dirtmcwORDUP: i will stop talking to you..
(54:46 / All) babycakez: GO AWAY
(54:51 / All) babycakez: I DONT WANT TO TALK TO YOU
(54:55 / All) imgoodatwarcrat: please im the one you want
(55:10 / All) babycakez: I HATE YOU!!!!!!!!!!!!!!
(55:19 / All) dirtmcwORDUP: no
(55:23 / All) dirtmcwORDUP: please dont say thhat
(55:27 / All) dirtmcwORDUP: i just want to see your pic
(55:51 / All) babycakez: GO AWAY I HATE YOU!!!!!!!!!!!!!!!!!!!!!!!!!!!!!!!!!!!!!!!!!!!!!!!
(55:53 / All) imgoodatwarcrat: im the one you want
(55:57 / All) bLinn: baby it's like paula abdul says
(56:01 / All) bLinn: opposites attract
(56:47 / All) imgoodatwarcrat: i'll help
(56:54 / All) imgoodatwarcrat: i'll suffocate you with my huge tits
(58:06 / All) BEAR_AND: I HAVE NO GOLD!!!!! damn
(59:14 / All) BEAR_AND: ALL
(60:29 / All) babycakez: go away
(60:35 / All) dirtmcwORDUP: please?
(60:37 / All) BEAR_AND: are u a real girl
(60:41 / All) dirtmcwORDUP: no
(60:44 / All) dirtmcwORDUP: dont listen to them
(60:46 / All) dirtmcwORDUP: they are assholes
(60:47 / All) babycakez: go away leave me a lone
(60:50 / All) imgoodatwarcrat: im a girl
(60:55 / All) BEAR_AND: no u said u were a marine
(60:56 / All) bLinn: im a girl
(60:58 / All) BEAR_AND: there are no girl in the marine
(61:05 / All) imgoodatwarcrat: im a girl
(61:10 / All) bLinn: i am two girls
(62:52 / All) bLinn: hello
(62:55 / All) bLinn: i wish i was a little bit taller
(62:58 / All) bLinn: i wish i was a baller
(63:04 / All) dirtmcwORDUP: teal you there
(63:11 / All) dirtmcwORDUP: dont do this to me
(63:30 / All) babycakez: go the fuck away you fuckin sick child molester
(63:36 / All) dirtmcwORDUP: ? how old are you
(63:37 / All) bLinn: you're only 12 years old ? ??
(63:46 / All) dirtmcwORDUP: the only one i want to molest is you baby
(63:47 / All) babycakez: im 10
(63:49 / All) imgoodatwarcrat: im almost out of the womb
(66:37 / All) BEAR_AND: yo lol
(66:48 / All) bLinn: were ur chimps lol
(67:19 / All) dirtmcwORDUP: baby please
(67:25 / All) dirtmcwORDUP: we give you the win
(69:16 / All) babycakez: i will talk to you but u gotta leave
(69:29 / All) dirtmcwORDUP: prove it...
(69:38 / All) dirtmcwORDUP: i really will leave but u wont talk to me i know it..
(69:49 / All) babycakez: my screen name is babycakez5959
(70:04 / All) imgoodatwarcrat: i kjust wanna live
(70:18 / All) babycakez: leave
(70:30 / All) dirtmcwORDUP: get online
(70:32 / All) dirtmcwORDUP: i added you
(70:51 / All) babycakez: im not home im at a lan center
(71:04 / All) BEAR_AND: so u are paying to play right now?!?!
(71:08 / All) dirtmcwORDUP: you wont talk to me...
(71:10 / All) babycakez: yeah
(71:11 / All) bLinn: wednesday night at a lan center, just chillin with my bros
(71:20 / All) dirtmcwORDUP: i knew it...
(72:05 / All) imgoodatwarcrat: now theres no chance shes gonna talk to you
(72:34 / All) bLinn: only the candian remains...
(72:40 / All) imgoodatwarcrat: so your not going to leave
(72:47 / All) BEAR_AND: he leave
(73:01 / All) imgoodatwarcrat: you guys gonna leave or what
(73:05 / All) BEAR_AND: yea
(73:17 / All) imgoodatwarcrat: great i get my first win
(73:23 / All) imgoodatwarcrat: or not